 Dungeon Crawl Stone Soup version 0.24-a0-203-gf0bc1e9 (webtiles) character file.

Game seed: 470447500233121951

74 Ijustatesigmund the Chopper (level 4, 0/31 HPs)
             Began as an Octopode Fighter on Mar 27, 2019.
             Slain by a gnoll
             ... wielding a +0 spear
              (4 damage)
             ... on level 3 of the Dungeon.
             The game lasted 00:02:19 (1421 turns).

Ijustatesigmund the Chopper (Octopode Fighter)      Turns: 1421, Time: 00:02:20

Health: 0/31       AC:  1    Str: 15    XL:     4   Next: 30%
Magic:  4/4        EV: 11    Int: 15    God:
Gold:   148        SH:  8    Dex: 12    Spells: 3/3 levels left

rFire    . . .     SeeInvis .   a - +0 war axe
rCold    + . .     Gourm    .   b - +0 shield
rNeg     + . .     Faith    .   (helmet restricted)
rPois    .         Spirit   .   (no amulet)
rElec    .         Reflect  .   h - ring of positive energy
rCorr    .         Harm     .   i - ring of protection from cold
MR       .....                  (no ring)
Stlth    ++........             (no ring)
HPRegen  0.10/turn              (no ring)
MPRegen  0.09/turn              (no ring)
                                (no ring)
                                (no ring)

@: brilliant, flying
A: almost no armour, stealthy swim, amphibious, 8 rings, constrict 8, camouflage
1, gelatinous body 1
a: no special abilities


You were on level 3 of the Dungeon.
You were hungry.

You visited 1 branch of the dungeon, and saw 3 of its levels.

You collected 148 gold pieces.

Inventory:

Hand Weapons
 a - a +0 war axe (weapon)
Armour
 b - a +0 shield (worn)
Jewellery
 h - a ring of positive energy (left tentacle)
 i - a ring of protection from cold (right tentacle)
Scrolls
 j - a scroll of fog {unknown}
 n - a scroll of enchant armour {unknown}
Potions
 c - a potion of might
 e - 2 potions of agility
 f - 2 potions of ambrosia
Comestibles
 d - 3 rations


   Skills:
 - Level 3.0 Fighting
 + Level 4.4 Axes
 - Level 3.0 Dodging
 - Level 3.0 Shields


You had 3 spell levels left.
You didn't know any spells.
Your spell library was empty.

Dungeon Overview and Level Annotations

Branches:
Dungeon (3/15)

Altars:
Qazlal


Innate Abilities, Weirdness & Mutations

You cannot wear most types of armour.
You are very stealthy in the water. (Stealth+)
You are amphibious.
You can wear up to eight rings at the same time.
You can use your tentacles to constrict eight enemies at once.
Your skin changes colour to match your surroundings (Stealth+).
Your rubbery body absorbs attacks. (AC +1, EV +1)


Message History

You block the gnoll's attack. The gnoll barely misses you.
The gnoll hits you from afar with a +0 spear.
The gnoll hits you with a +0 spear! The gnoll hits you with a +0 halberd.
The gnoll hits you from afar with a +0 spear!
* * * LOW HITPOINT WARNING * * *
You see here a leopard gecko corpse.
You are too injured to fight recklessly!
You are too injured to fight recklessly!
You are too injured to fight recklessly!
You are too injured to fight recklessly!
You are too injured to fight recklessly!
It was a potion of flight.
You feel very buoyant.
You fly up into the air.
The gnoll hits you from afar with a +0 spear.
* * * LOW HITPOINT WARNING * * *
It was a potion of brilliance.
You feel clever all of a sudden. You block the gnoll's attack.
The gnoll hits you with a +0 spear.
You die...

..... ......
#.#.. #....
..#....####
#.#.......####
......#..gg..###.
.........@.g.....
##...#.####.###.
####...#.#
.........####..#
.........'.....#
.........#####.#
######+#.......#
###+#.#######
#....(...<#


You could see 3 gnolls.

Vanquished Creatures
  A gnoll (D:3)
  2 adders (D:2)
  A dart slug (D:1)
  A leopard gecko (D:3)
  6 bats
  A giant cockroach (D:1)
  10 goblins
  2 hobgoblins (D:1)
  6 jackals
  4 kobolds
  A ball python (D:2)
  3 frilled lizards
  4 rats
42 creatures vanquished.

Notes
Turn   | Place    | Note
-------+----------+-------------------------------------------
     0 | D:1      | Ijustatesigmund the Octopode Fighter began the quest for
                  | the Orb.
     0 | D:1      | Reached XP level 1. HP: 16/16 MP: 1/1
   116 | D:1      | Reached XP level 2. HP: 21/21 MP: 2/2
   174 | D:1      | Reached skill level 3 in Axes
   388 | D:1      | Reached XP level 3. HP: 25/26 MP: 3/3
   873 | D:2      | Found a stormy altar of Qazlal.
   975 | D:2      | Reached skill level 4 in Axes
  1018 | D:2      | Reached XP level 4. HP: 28/31 MP: 4/4
  1421 | D:3      | Slain by a gnoll

Levels and vault maps discovered:
D:1:      dpeg_arrival_arbitrary_b, layout_basic, serial_bayou_pond_e
D:2:      layout_loops_ring, nicolae_qazlal_eye_of_the_storm
D:3:      layout_basic

Skill      XL: |  1  2  3 |
---------------+----------+-----
Axes           | 3 4 |  4.4
Fighting       | |  3.0
Dodging        | |  3.0
Shields        | |  3.0

Action                   |  1- 3 |  4- 6 || total
-------------------------+-------+-------++-------
Melee: War axe           |    58 |    14 ||    72
       Constrict         |    13 |     6 ||    19
       Tentacles         |    12 |     4 ||    16
  Use: Scroll            |     2 |     2 ||     4
       Potion            |       |     2 ||     2
 Stab: Sleeping          |     6 |     2 ||     8
  Eat: Chunk             |       |     1 ||     1
Armor: Skin              |     4 |     2 ||     6
Dodge: Dodged            |    24 |    11 ||    35
Block: Shield            |    25 |    10 ||    35

Table legend:
 A = Non-vault XP
 B = Vault XP
 C = Vault XP percentage of total XP
 D = Non-vault monster count
 E = Vault monster count
 F = Vault count percentage of total count
                 A         B        C        D         E       F
            +---------+---------+-------+---------+---------+-------
      Total |     107 |       0 |   0.0 |      42 |       0 |   0.0
            +---------+---------+-------+---------+---------+-------
        D:1 |      44 |       0 |   0.0 |      25 |       0 |   0.0
        D:2 |      46 |       0 |   0.0 |      15 |       0 |   0.0
        D:3 |      17 |       0 |   0.0 |       2 |       0 |   0.0
            +---------+---------+-------+---------+---------+-------
